 Dungeon Crawl Stone Soup version 0.18-a0-1561-g7b1e397 (webtiles) character file.

922 Kepochkin the Chopper (level 7, -9/61 HPs)
             Began as a Minotaur Gladiator on Mar 13, 2016.
             Was a Follower of Okawaru.
             Mangled by an orc warrior
             ... wielding a +0 battleaxe
              (22 damage)
             ... on level 6 of the Dungeon.
             The game lasted 00:37:39 (4262 turns).

Kepochkin the Chopper (Minotaur Gladiator)          Turns: 4262, Time: 00:37:40

Health: -9/61      AC:  6    Str: 23    XL:     7   Next: 84%
Magic:  6/6        EV: 13    Int:  7    God:    Okawaru [*.....]
Gold:   64         SH:  0    Dex: 14    Spells: 0 memorised, 6 levels left

rFire  . . .     SeeInvis .     x - +0 broad axe
rCold  . . .     Gourm    .     w - +0 leather armour of Intuition {rPois rCorr Str+2 Int+2} (curse)
rNeg   . . .     Faith    .     (no shield)
rPois  +         Spirit   .     c - +0 hat
rElec  .         Dismiss  .     u - +0 cloak
rCorr  +         Reflect  .     v - +0 pair of gloves (curse)
SustAt .         Harm     .     (no boots)
MR     .....                    (no amulet)
Stlth  +.........               (no ring)
                                i - +3 ring of dexterity

@: not resistant to hostile enchantments, very unstealthy
A: retaliatory headbutt, horns 2
a: Heroism, Renounce Religion


You were on level 6 of the Dungeon.
You worshipped Okawaru.
Okawaru was aware of your devotion.
You were not hungry.

You visited 1 branch of the dungeon, and saw 6 of its levels.

You collected 232 gold pieces.
You spent 168 gold pieces at shops.

Inventory:

Hand Weapons
 a - a +0 war axe
 x - a +0 broad axe (weapon)
Missiles
 d - 3 throwing nets (quivered)
Armour
 c - a +0 hat (worn)
 n - a +0 ring mail
 s - a +0 scale mail
 u - a +0 cloak (worn)
 v - a cursed +0 pair of gloves (worn)
 w - the cursed +0 leather armour of Intuition (worn) {rPois rCorr Str+2 Int+2}
   (You found it on level 4 of the Dungeon)

   It affects your strength (+2).
   It affects your intelligence (+2).
   It protects you from poison.
   It protects you from acid and corrosion.
   It has a curse placed upon it.
Jewellery
 i - a +3 ring of dexterity (left hand)
 B - an uncursed ring of wizardry
Scrolls
 b - a scroll of random uselessness {unknown}
 g - a scroll of noise {unknown}
 h - a scroll of magic mapping {unknown}
 j - a scroll of identify
 l - a scroll of immolation {unknown}
 m - a scroll of blinking {unknown}
 y - a scroll of enchant weapon {unknown}
 z - 2 scrolls of amnesia {unknown}
Potions
 e - a potion of magic {unknown}
 k - 4 potions of heal wounds {unknown}
 o - a potion of resistance {unknown}
 r - a potion of curing {unknown}
 t - 2 potions of berserk rage {unknown}
 A - a potion of degeneration {unknown}
 D - a potion of agility {unknown}
 E - a potion of cure mutation {unknown}
Comestibles
 f - 3 bread rations
 p - 4 chunks of flesh
 q - 2 fruits
 C - a meat ration


   Skills:
 * Level 5.3 Fighting
 * Level 7.8 Axes
 - Level 2.0 Throwing
 * Level 6.4 Armour
 - Level 3.3 Dodging


You had 6 spell levels left.
You didn't know any spells.

Dungeon Overview and Level Annotations

Branches:
Dungeon (6/15)             Temple (0/1) D:6

Altars:
Elyvilon
Nemelex Xobeh
Okawaru
Ru
Trog
Zin
The Shining One

Shops:
D:4 [(


Innate Abilities, Weirdness & Mutations

You reflexively headbutt those who attack you in melee.
You have a pair of horns on your head.


Message History

You headbutt the orc warrior, but do no damage.
The orc priest barely misses you. You furiously retaliate!
You headbutt the orc priest! The orc warrior misses you.
You hit the orc priest but do no damage.
You headbutt the orc priest.
You kill the orc priest!
Okawaru accepts your kill.
You barely miss the orc warrior.
The orc warrior hits you with a battleaxe!
* * * LOW HITPOINT WARNING * * *
You are too injured to fight recklessly!
You are too injured to fight recklessly!
You are too injured to fight recklessly!
You are too injured to fight recklessly!
You are too injured to fight recklessly!
Your leather armour of Intuition prevents you from hitting the orc warrior.
You headbutt the orc warrior!
The orc warrior is moderately wounded.
The orc warrior hits you with a battleaxe!!
You die...

##### ######### ....#
#.......# ###.#
#.#####.##### ###.# #.#
#.....# ..#.#
##.#####.###.# #.#.#
##..#.....#
#.#.###...#.###o###.####
....##......# #.@......#
............# #.#..###.#
#.######........#..# ..#
#.#########.# ### #.# ..
##+## ##. ##...## .#
##.....## # #
##.......##


You could see an orc warrior.

Vanquished Creatures
  3 centaurs
  2 ogres (D:4)
  A giant frog (D:6)
  2 scorpions
  2 orc priests
  A hound (D:5)
  Crazy Yiuf (D:2)
  2 orc wizards (D:4)
  Jessica (D:2)
  2 hound skeletons (D:4)
  A worker ant zombie (D:5)
  4 adders
  2 oozes
  6 worms
  A dart slug (D:1)
  4 giant geckos
  7 orcs
  3 giant cockroaches
  5 goblins
  5 hobgoblins
  4 jackals
  2 kobolds
  2 quokkas
  A ball python (D:3)
  5 bats
  5 giant newts
  5 rats (D:1)
  4 fungi (D:2)
83 creatures vanquished.

Notes
Turn   | Place    | Note
--------------------------------------------------------------
     0 | D:1      | Kepochkin the Minotaur Gladiator began the quest for the Orb.
     0 | D:1      | Reached XP level 1. HP: 18/18 MP: 0/0
   139 | D:1      | Reached XP level 2. HP: 25/25 MP: 1/1
   176 | D:1      | Reached skill level 4 in Axes
   784 | D:2      | Noticed Jessica
   787 | D:2      | Killed Jessica
   787 | D:2      | Reached skill level 5 in Axes
   787 | D:2      | Reached XP level 3. HP: 29/31 MP: 2/2
   915 | D:2      | Reached skill level 1 in Armour
  1032 | D:2      | Found a white marble altar of Elyvilon.
  1051 | D:2      | Reached XP level 4. HP: 24/38 MP: 3/3
  1340 | D:2      | Noticed Crazy Yiuf
  1348 | D:2      | Killed Crazy Yiuf
  1614 | D:3      | Found an iron altar of Okawaru.
  1623 | D:3      | Became a worshipper of Warmaster Okawaru
  2135 | D:3      | Reached skill level 6 in Axes
  2135 | D:3      | Reached XP level 5. HP: 28/45 MP: 4/4
  2315 | D:4      | Noticed an ogre
  2321 | D:4      | Killed an ogre
  2322 | D:4      | Reached XP level 6. HP: 28/52 MP: 5/5
  2510 | D:4      | Got an ancient leather armour
  2511 | D:4      | Identified the cursed +0 leather armour of Intuition {rPois rCorr Str+2 Int+2} (You found it on level 4 of the Dungeon)
  2579 | D:4      | Found Diulac's Weapon Shop.
  2588 | D:4      | Found Zuaquapn's Antique Armour Shop.
  2646 | D:4      | Bought a +0 broad axe for 56 gold pieces
  2847 | D:4      | Found a glowing golden altar of the Shining One.
  3044 | D:4      | Bought a pair of glowing gloves for 112 gold pieces
  3099 | D:4      | Reached * piety under Okawaru
  3099 | D:4      | Reached skill level 7 in Axes
  3099 | D:4      | Reached skill level 5 in Armour
  3099 | D:4      | Reached XP level 7. HP: 59/59 MP: 6/6
  3120 | D:5      | Entered Level 5 of the Dungeon
  3449 | D:5      | Found a sacrificial altar of Ru.
  3526 | D:5      | Found a glowing silver altar of Zin.
  3708 | D:5      | Found a bloodstained altar of Trog.
  3709 | D:5      | Found a sparkling altar of Nemelex Xobeh.
  4059 | D:6      | Reached skill level 5 in Fighting
  4082 | D:6      | Found a staircase to the Ecumenical Temple.
  4262 | D:6      | Mangled by an orc warrior

Vault maps used:
D:1:      mrwooster_arrival_statue
D:2:      elyvilon_altar_5, uniq_jessica, uniq_crazy_yiuf_cottage
D:3:      okawaru_ov_weapons_minmay
D:4:      serial_shops, nicolae_shop_stone, nicolae_shop_statue_plus, tso_altar
D:5:      kennysheep_little_box, nicolae_overflow_hidden_temple, first_bread,
          minmay_misc_feat_rows, nicolae_ru_sacrificial_ziggurat
D:6:      kennysheep_big_flooded_room, marbit_many_paths, temple_green

Skill      XL: |  1  2  3  4  5  6  7 |
---------------+----------------------+-----
Axes           | 5 6 7 |  7.8
Fighting       | 3 4 5 |  5.3
Armour         | 1 2 3 5 6 |  6.4
Throwing       | |  2.0
Dodging        | |  3.3

Action                   |  1- 3 |  4- 6 |  7- 9 || total
-------------------------+-------+-------+-------++-------
Melee: War axe           |    52 |    82 |       ||   134
       Broad axe         |       |    22 |    39 ||    61
  Use: Scroll            |       |     3 |       ||     3
  Eat: Chunk             |       |     7 |     2 ||     9
       Beef jerky        |       |       |     1 ||     1
